 Dungeon Crawl Stone Soup version 0.28.0 (webtiles) character file.

Game seed: 12889611962323438602

637 Dorkslayer the Slasher (level 7, -4/48 HPs)
             Began as an Octopode Fighter on June 21, 2022.
             Slain by a gnoll (12 damage)
             ... on level 6 of the Dungeon.
             The game lasted 00:11:43 (6028 turns).

Dorkslayer the Slasher (Octopode Fighter)           Turns: 6028, Time: 00:11:43

Health: -4/48      AC:  1    Str: 18    XL:     7   Next: 50%
Magic:  7/7        EV: 13    Int: 10    God:
Gold:   190        SH:  4    Dex: 11    Spells: 6/6 levels left

rFire   . . .      SeeInvis +   a - +0 long sword
rCold   . . .      Faith    .   b - +0 buckler
rNeg    . . .      Spirit   .   (helmet restricted)
rPois   +          Reflect  .   (no amulet)
rElec   .          Harm     .   g - ring of poison resistance
rCorr   .          Rampage  .   l - ring of see invisible
Will    .....                   (no ring)
Stlth   +++.......              (no ring)
HPRegen 0.16/turn               (no ring)
MPRegen 0.10/turn               (no ring)
                                (no ring)
                                (no ring)

@: mighty, lethally poisoned (-4 -> -5)
A: almost no armour, amphibious, 8 rings, camouflage 1, gelatinous body 1,
(nimble swimmer 1), tentacles
a: no special abilities


You were on level 6 of the Dungeon.
You visited 1 branch of the dungeon, and saw 6 of its levels.

You collected 190 gold pieces.

Inventory:

Hand Weapons
 a - a +0 long sword (weapon)
Armour
 b - a +0 buckler (worn)
Jewellery
 g - a ring of poison resistance (left tentacle)
 l - a ring of see invisible (right tentacle)
Wands
 q - a wand of polymorph (15)
Scrolls
 f - a scroll of silence {unknown}
 h - a scroll of magic mapping
 i - a scroll of fog
 k - 2 scrolls of teleportation
 p - a scroll of noise {unknown}
 u - a scroll of immolation {unknown}
Potions
 c - a potion of might
 d - 2 potions of heal wounds
 j - 3 potions of curing
 m - 2 potions of ambrosia
 n - a potion of degeneration {unknown}
 o - a potion of lignification
 s - a potion of flight
 t - a potion of mutation {unknown}


   Skills:
 + Level 4.0 Fighting
 + Level 4.2 Long Blades
 + Level 0.5 Throwing
 + Level 4.0 Dodging
 + Level 4.1 Stealth
 + Level 3.6 Shields
 * Level 3.2 Unarmed Combat
 * Level 2.3 Evocations


You had 6 spell levels left.
You didn't know any spells.
Your spell library contained the following spells:

 Spells                   Type           Power      Damage    Failure   Level
 Corpse Rot               Necr/Air       0%         N/A       58%         2
 Poisonous Vapours        Pois/Air       0%         N/A       58%         2


Dungeon Overview and Level Annotations

Branches:
Dungeon (6/15)
 Temple: D:4-7

Altars:
Trog
Vehumet
The Shining One

Shops:
D:1 =   D:4 (*

Annotations:
D:6 Prince Ribbit


Innate Abilities, Weirdness & Mutations

You cannot wear most types of armour.
You are amphibious.
You can wear up to eight rings at the same time.
Your skin changes colour to match your surroundings (Stealth+).
Your rubbery body absorbs attacks. (AC +1, EV +1)
((You are camouflaged when in or above water. (Stealth+)))
You have tentacles for arms and can constrict up to eight enemies at once.


Message History

The gnoll is moderately wounded.
You constrict the gnoll. The gnoll misses you.
You block the gnoll shaman's attack. The gnoll barely misses you.
The gnoll hits you from afar with a +0 halberd.
You hit the gnoll. You tentacle-slap the gnoll.
You kill the gnoll!
The gnoll hits you from afar with a +0 spear.
A jelly comes into view.
The gnoll hits you from afar with a +0 spear.
The adder barely misses you. The gnoll closely misses you.
The gnoll hits you from afar with a +0 spear.
Your Dodging skill increases to level 4!
You barely miss the gnoll shaman.
The jelly quivers.
Your grab misses the gnoll shaman. You squeeze the gnoll shaman!
The gnoll shaman is severely wounded.
The adder bites you but does no damage.
The gnoll hits you from afar with a +0 spear.
The gnoll barely misses you. The gnoll shaman closely misses you.
The adder bites you.
You are poisoned.
The adder poisons you!
The gnoll hits you from afar with a +0 spear.
The gnoll misses you.
You hit the gnoll shaman.
You kill the gnoll shaman!
You feel sick. The adder bites you.
* * * LOW HITPOINT WARNING * * *
The gnoll misses you. You block the gnoll's attack. The gnoll misses you.
You feel sick.
The gnoll hits you from afar with a +0 spear.
* * * LOW HITPOINT WARNING * * *
The jelly jiggles.
The gnoll closely misses you. The adder closely misses you.
There is a stone staircase leading up here.
Things that are here:
a +0 whip; a +0 robe; a gnoll corpse You feel sick.
The gnoll hits you from afar with a +0 halberd!
You die...

#....
######.#.#
.#......#.#
..........
.........#
......gg.#
......g).#
....J.)S@#
.........#
........##
.#(....##
######


You could see a jelly, 3 gnolls and an adder.

Vanquished Creatures
  A sky beast (D:5)
  2 scorpions
  A bullfrog skeleton (D:5)
  A gnoll shaman (D:6)
  3 iguanas
  An orc wizard (D:5)
  2 scorpion zombies (D:5)
  A hound zombie (D:5)
  6 gnolls
  A howler monkey skeleton (D:5)
  3 adders
  An ufetubus (D:4)
  An adder skeleton (D:4)
  5 worms
  6 dart slugs
  8 orcs
  8 endoplasms
  A giant cockroach (D:1)
  6 goblins
  3 hobgoblins
  5 jackals (D:1)
  7 kobolds
  3 quokkas
  6 ball pythons
  5 bats
  3 frilled lizards
  4 rats
94 creatures vanquished.

Vanquished Creatures (others)
  A plant (D:2)
1 creature vanquished.

Grand Total: 95 creatures vanquished

Notes
Turn   | Place    | Note
-------+----------+-------------------------------------------
     0 | D:1      | Dorkslayer the Octopode Fighter began the quest for the
                  | Orb.
     0 | D:1      | Reached XP level 1. HP: 16/16 MP: 1/1
   277 | D:1      | Reached XP level 2. HP: 21/21 MP: 2/2
   757 | D:1      | You fall into a shaft and drop 1 floor!
   763 | D:2      | Reached XP level 3. HP: 26/26 MP: 3/3
   842 | D:1      | Reached skill level 1 in Unarmed Combat
  1099 | D:1      | Found Unkiedd's Jewellery Shoppe.
  1727 | D:2      | Reached XP level 4. HP: 20/31 MP: 4/4
  1888 | D:2      | Reached skill level 1 in Stealth
  2053 | D:2      | Found a faded altar of an unknown god.
  2279 | D:3      | Found a radiant altar of Vehumet.
  3445 | D:4      | Reached XP level 5. HP: 29/36 MP: 5/5
  3801 | D:4      | Found Apomyma's Alliterative Accessories.
  3872 | D:4      | Identified the +2 hunting sling "Nuqaphoj" {flame, Fly
                  | rPois rF++ rC-}
  3894 | D:4      | Found Dianios's Weapon Shop.
  4041 | D:3      | Reached skill level 1 in Evocations
  4041 | D:3      | Reached XP level 6. HP: 43/43 MP: 6/6
  4408 | D:4      | Found a large runed translucent door.
  4409 | D:4      | Found a large runed translucent door.
  4436 | D:4      | Found a bloodstained altar of Trog.
  4444 | D:4      | Found a glowing golden altar of the Shining One.
  4749 | D:5      | Entered Level 5 of the Dungeon
  5366 | D:5      | Reached XP level 7. HP: 47/47 MP: 7/7
  5799 | D:6      | Noticed Prince Ribbit
  6028 | D:6      | Slain by a gnoll

Illustrated notes

Levels and vault maps discovered:
D:1:      lemuel_arrival_broad_hall, layout_loops_cross, serial_shops,
          nicolae_shop_behind_doors
D:2:      wad_crossroads, layout_basic, shapermc_ecumenical_altar_hornbeckon
D:3:      layout_basic, mainiacjoe_overflow_cross_hatched
D:4:      layout_layer_cave, jmf_multi_god_temple2, minivault_25,
          nicolae_stop_n_shop_2, nicolae_alphabet_shops
D:5:      layout_loops_ring, kennysheep_generic_room_16
D:6:      layout_rooms, mainiacjoe_overflow_brackets, lemuel_crystal_altar,
          zin_scriptorium, temple_hall, uniq_prince_ribbit1, uniq_blork_the_orc

Skill      XL: |  1  2  3  4  5  6  7 |
---------------+----------------------+-----
Unarmed Combat | 1 2 3 |  3.2
Stealth        | 2 3 4 |  4.1
Long Blades    | 3 4 |  4.2
Evocations     | 1 2 |  2.3
Fighting       | 4 |  4.0
Dodging        | 4 |  4.0
Throwing       | |  0.5
Shields        | |  3.6

Action                   |  1- 3 |  4- 6 |  7- 9 || total
-------------------------+-------+-------+-------++-------
Melee: Long sword        |    84 |   108 |    27 ||   219
       Constrict         |    21 |    31 |     7 ||    59
       Tentacles         |    10 |    23 |     5 ||    38
       Punch             |     2 |       |     3 ||     5
Throw: Dart              |     7 |     3 |     1 ||    11
       Throwing net      |       |     1 |     1 ||     2
  Use: Scroll            |       |     7 |     1 ||     8
       Potion            |       |       |     1 ||     1
 Stab: Sleeping          |     7 |    14 |       ||    21
Armor: Skin              |     2 |     1 |     4 ||     7
Dodge: Dodged            |    48 |    64 |    35 ||   147
Block: Buckler           |    14 |    20 |    11 ||    45
